AoeStats
← zamithdaniel

Black Forest

507006465Analyzed
2v2 RM · 17d ago on Sep 16, 2026· 50m 41s· 4 players
Game mode
Random Map
Map size
Medium (4 player)
Population
200
Speed
Normal
Resources
Standard
Victory
Conquest
Starting age
Dark Age
Ending age
Imperial Age
RankedLock teamsTeams togetherTeam positionsShared explorationLock speedFull tech treeHidden civsTurbo modeCheats
Victory
Defeat
🇨🇴 Turks · Colombia
919
+17
🇮🇳 Mongols · India
849
+19
🇦🇺 Magyars · Australia
936
-18
🇦🇺 Japanese · Australia
934
-18
zamithdaniel
11:50 Feudal Age
12:34 Double-Bit Axe
13:06 Horse Collar
20:53 Castle Age
22:20 Heavy Plow
22:33 Bow Saw
22:35 Stone Mining
22:37 Gold Mining
32:58 Imperial Age
31:35 Fortified Wall
36:04 Ballistics
35:48 Padded Archer Armor
35:58 Forging
35:54 Scale Barding Armor
37:25 Wheelbarrow
36:36 Town Watch
36:36 Loom
37:57 Elite Janissary
39:00 Conscription
39:35 Leather Archer Armor
39:56 Iron Casting
39:42 Chain Barding Armor
40:50 Gold Shaft Mining
40:33 Hand Cart
41:24 Two-Man Saw
40:42 Artillery
42:21 Ring Archer Armor
42:53 Blast Furnace
42:49 Bloodlines
42:41 Husbandry
43:24 Plate Barding Armor
jshashankreddy7
1:50 Loom
14:34 Feudal Age
18:22 Double-Bit Axe
21:09 Castle Age
19:15 Stone Mining
19:16 Horse Collar
22:02 Heavy Plow
22:17 Bow Saw
26:26 Stone Shaft Mining
27:57 Wheelbarrow
29:47 Hand Cart
30:59 Gold Mining
31:53 Nomads
35:55 Imperial Age
34:40 Gold Shaft Mining
35:20 Bloodlines
35:11 Husbandry
34:32 Light Cavalry
37:02 Fletching
37:13 Padded Archer Armor
37:19 Scale Barding Armor
36:54 Hussar
38:33 Ballistics
39:14 Chemistry
38:14 Bodkin Arrow
38:49 Conscription
38:32 Capped Ram
40:26 Chain Barding Armor
40:06 Bracer
40:40 Drill
40:13 Siege Ram
43:38 Forging
43:38 Thumb Ring
43:59 Parthian Tactics
42:57 Elite Mangudai
Black_Reign13
0:51 Loom
12:16 Feudal Age
12:44 Double-Bit Axe
14:17 Wheelbarrow
13:57 Horse Collar
14:20 Man-at-Arms
15:53 Arson
17:13 Scale Mail Armor
19:15 Forging
20:46 Gold Mining
20:47 Stone Mining
24:21 Castle Age
22:31 Fishing Lines
25:46 Long Swordsman
26:29 Squires
27:19 Gambesons
28:13 Hand Cart
28:20 Chain Mail Armor
33:15 Bow Saw
39:41 Imperial Age
39:28 Iron Casting
40:06 Ballistics
39:53 Murder Holes
42:34 Onager
44:45 Two-Man Saw
44:17 Elite Samurai
50:10 Cavalier
Aussie_baker
12:07 Feudal Age
17:40 Castle Age
15:40 Double-Bit Axe
18:41 Bow Saw
18:43 Horse Collar
22:25 Scale Barding Armor
27:14 Loom
27:35 Fletching
28:34 Bodkin Arrow
29:32 Chain Barding Armor
29:26 Heavy Plow
30:14 Wheelbarrow
31:39 Corvinian Army
31:48 Thumb Ring
34:29 Ballistics
34:16 Caravan
35:12 Hand Cart
38:09 Imperial Age
35:57 Gold Mining
36:00 Stone Mining
38:43 Gold Shaft Mining
38:59 Bracer
38:27 Heavy Cavalry Archer
39:37 Parthian Tactics
40:58 Plate Barding Armor
41:30 Chemistry
41:37 Recurve Bow
41:47 Elite Magyar Huszar
Connection lost

Rejoining the realm…

Still unreachable

The connection could not be restored.

Session expired

The server has moved on; the page needs a fresh start.